AoeStats
← zamithdaniel

Arena

507206051Analyzed
2v2 RM · 16d ago on Sep 17, 2026· 25m 24s· 4 players
Game mode
Random Map
Map size
Medium (4 player)
Population
200
Speed
Normal
Resources
Standard
Victory
Conquest
Starting age
Dark Age
Ending age
Imperial Age
RankedLock teamsTeams togetherTeam positionsShared explorationLock speedFull tech treeHidden civsTurbo modeCheats
Victory
Defeat
🇨🇴 Celts · Colombia
946
+13
🇨🇴 Japanese · Colombia
912
+14
🇨🇱 Bulgarians · Chile
891
-14
🇻🇪 Magyars · Venezuela
873
-13
Nico
10:43 Feudal Age
10:05 Loom
15:38 Castle Age
16:12 Wheelbarrow
15:19 Horse Collar
20:37 Fletching
21:57 Bodkin Arrow
22:27 Padded Archer Armor
23:10 Town Watch
Anker'Star
8:26 Loom
10:35 Feudal Age
16:58 Castle Age
18:35 Horse Collar
24:46 Scale Mail Armor
Dovahkyn
10:38 Feudal Age
15:41 Castle Age
20:37 Horse Collar
21:16 Double-Bit Axe
23:49 Murder Holes
24:21 Scale Mail Armor
zamithdaniel
11:11 Feudal Age
11:43 Double-Bit Axe
11:40 Horse Collar
19:27 Castle Age
18:05 Stone Mining
18:08 Gold Mining
20:31 Loom
22:48 Forging
22:39 Scale Mail Armor
Connection lost

Rejoining the realm…

Still unreachable

The connection could not be restored.

Session expired

The server has moved on; the page needs a fresh start.